NULL
Full Scoreboard »»

Red Wings vs Panthers

Created - April 3, 2024 at 20:42

Goals
1 2 3 T
Red Wings 0 1 1 2
Panthers 0 1 0 1
Shots
1 2 3 T
Red Wings 11 15 9 35
Panthers 9 11 13 33

GoalsPenalties
1st period
No Goal
No Penalty
2nd period
1. Red Wings , Ryan Johansen 18 (Kevin Hayes 27, Matt Benning 11) at 10:26
2. Panthers , Jeff Petry 2 (Mason Appleton 19, Adam Lowry 20) at 19:07 (PP)
Dmitry Orlov (FLA) for Hooking (Minor) at 2:08
Matt Benning (DET) for Holding (Minor) at 14:35
Luke Evangelista (DET) for Goalie Interference (Minor) at 19:00
3rd period
3. Red Wings , Charlie McAvoy 4 (Unassisted) at 16:14
Zack Kassian (FLA) for Delaying the game (Minor) at 10:01
Eetu Luostarinen (FLA) for Fighting (Major) at 17:18
Charlie McAvoy (DET) for Fighting (Major) at 17:18
Eetu Luostarinen (FLA) for instigated a fight (Minor) at 17:18
Eetu Luostarinen (FLA) for instigated a fight (10 Minutes Misconduct) at 17:18
Goalie Stats
John Gibson (DET), 32 saves from 33 shots - (0.970), W, 29-12-5, 60:00 minutes
Darcy Kuemper (FLA), 33 saves from 35 shots - (0.943), L, 22-22-3, 60:00 minutes
3 StarsOfficial
1 - John Gibson (DET)
2 - Ryan Johansen (DET)
3 - Darcy Kuemper (FLA)
Referees : Unknown
Linesman : Unknown
Game Note
16:14 of 3rd period - Penalty Shot by Charlie McAvoy for Red Wings - Goal!
Eetu Luostarinen beats up Charlie McAvoy at 17:18 of 3rd period



Team Name Goals Shots Shots Attemp Shots Blocked PIM HIT PP PK FO%
Red Wings 2356559210 / 2 (0%)147%
Panthers 13351921261 / 3 (33%)053%

Red Wings
Player Name POS G A P +/- PIM HIT SHT SB MP PP MP PP SHT PK MP PK SHT FO% FOT GA TA
Artem ZubD0000010122:402:5401:1500% 000
Brayden PointC/RW0000014017:003:0110:07042% 1211
Charlie McAvoyD1010501019:402:0600:5100% 000
Daniel SprongLW/RW0001012015:500:0001:0500% 010
Drake BathersonC/LW/RW0000031016:523:0100:0000% 111
Ilya MikheyevLW/RW0001013016:382:5600:0000% 211
Jordan GreenwayLW/RW000000009:380:0000:0000% 000
Kevin HayesC/LW/RW0111020016:382:5600:00053% 1500
Logan CoutureC/LW0000022116:523:0100:0000% 100
Luke EvangelistaRW0001204015:460:0001:0100% 111
Mario FerraroD0000010121:532:4901:1500% 001
Matt BenningD0111221117:210:0000:0000% 001
Nicolas RoyC/RW0001026015:500:0001:05060% 2002
Philip TomasinoRW000002309:380:0000:000100% 101
Ryan JohansenC/RW1011014016:382:5610:000100% 110
Samuel HonzekC/LW0000002010:320:0000:54017% 600
Torey KrugD0001011120:503:0800:0000% 001
Travis HamonicD0001011017:340:5700:5100% 001
Panthers
Player Name POS G A P +/- PIM HIT SHT SB MP PP MP PP SHT PK MP PK SHT FO% FOT GA TA
Adam LowryC/LW0110011116:171:0210:480100% 100
Axel Sandin-PellikkaD000-1003022:231:0803:0400% 001
Bo HorvatC0000015115:361:0200:07054% 1310
Connor DewarC/LW/RW000001007:450:0200:2600% 000
Dmitry KulikovD0000002116:030:0000:0000% 000
Dmitry OrlovD000-1213121:261:0802:0300% 011
Eetu LuostarinenC/LW000-11724016:570:0201:5110% 110
Ethan BearD000-1001220:560:5802:5300% 001
Jack HughesC000-1015016:051:0200:00055% 2220
Jaden SchwartzC/LW000-1032016:051:0200:0000% 020
Jeff PetryD101-1001121:340:5812:5300% 001
Jesper FastLW/RW000-1010016:051:0200:0000% 000
Mason AppletonLW/RW0110022015:291:0200:0000% 000
Michael McLeodC0000002010:330:0202:48067% 301
Nazem KadriC000-1042117:300:0002:46050% 2000
Niko MikkolaD0000020117:370:0001:0100% 021
Ondrej KaseLW/RW000-1060018:370:0003:0800% 020
Zack KassianLW/RW000021007:020:0000:0000% 000

Red Wings

5 vs 5 Forward
Line #Left WingCenterRight WingPHYDFOFWanted %Time %Time Play
1Logan CoutureBrayden PointDrake Batherson1223027%13:51
2Ilya MikheyevKevin HayesRyan Johansen1223027%13:43
3Daniel SprongNicolas RoyLuke Evangelista1223027%14:04
4Jordan GreenwaySamuel HonzekPhilip Tomasino1221019%9:38
5 vs 5 Defense
Line #DefenseDefensePHYDFOFWanted %Time %Time Play
1Charlie McAvoyTorey Krug1223535%17:42
2Mario FerraroArtem Zub1223535%17:49
3Travis HamonicMatt Benning1223031%15:45
4Charlie McAvoyTorey Krug12200%0:00
Power Play Forward
Line #Left WingCenterRight WingPHYDFOFWanted %Time %Time Play
1Logan CoutureBrayden PointDrake Batherson1225051%3:01
2Ilya MikheyevKevin HayesRyan Johansen1225049%2:56
Power Play Defense
Line #DefenseDefensePHYDFOFWanted %Time %Time Play
1Charlie McAvoyTorey Krug1225053%3:08
2Mario FerraroArtem Zub1225047%2:49
Penalty Kill 4 Players Forward
Line #CenterWingPHYDFOFWanted %Time %Time Play
1Nicolas RoyDaniel Sprong1225052%1:05
2Samuel HonzekLuke Evangelista1225048%1:01
Penalty Kill 4 Players Defense
Line #DefenseDefensePHYDFOFWanted %Time %Time Play
1Matt BenningTravis Hamonic1225048%1:01
2Mario FerraroArtem Zub1225052%1:05
Penalty Kill 3 Players
Line #WingPHYDFOFWanted %Time %Time PlayDefenseDefensePHYDFOFWanted %Time %Time Play
1Brayden Point122500%0:00 Charlie McAvoyTorey Krug122500%0:00
2Logan Couture122500%0:00 Mario FerraroArtem Zub122500%0:00
4 vs 4 Forward
Line #CenterWingPHYDFOFWanted %Time %Time Play
1Brayden PointLogan Couture122500%0:00
2Drake BathersonKevin Hayes122500%0:00
4 vs 4 Defense
Line #DefensePHYDFOFWanted %Time %Time Play
1Charlie McAvoyTorey Krug122500%0:00
2Mario FerraroArtem Zub122500%0:00
Last Minutes Offensive
Left WingCenterRight WingDefenseDefense
Logan CoutureBrayden PointDrake BathersonCharlie McAvoyTorey Krug
Last Minutes Defensive
Left WingCenterRight WingDefenseDefense
Logan CoutureBrayden PointDrake BathersonCharlie McAvoyTorey Krug
Time
Total ForwardTotal DefenseLast Minutes OffensiveLast Minutes Defensive
60:00 60:00 0:000:41
Extra Forwards
Normal PowerPlayPenalty Kill
Nicolas Roy, Daniel Sprong, Luke EvangelistaNicolas Roy, Daniel SprongLuke Evangelista
Extra Defensemen
Normal PowerPlayPenalty Kill
Travis Hamonic, Matt Benning, Mario FerraroTravis Hamonic, Matt BenningMario Ferraro
Penalty Shots
Brayden Point, Logan Couture, Drake Batherson, Kevin Hayes, Ryan Johansen
Goalie
John Gibson, Casey Desmith
Custom OT Lines Forwards
Brayden Point, Logan Couture, Drake Batherson, Kevin Hayes, Ryan Johansen, Nicolas Roy, Ilya Mikheyev, Daniel Sprong, Luke Evangelista, Samuel Honzek
Custom OT Lines Defensemen
Charlie McAvoy, Torey Krug, Mario Ferraro, Artem Zub, Travis Hamonic
Scratches
Jack Drury (Healthy), Jake Muzzin (Healthy)

Panthers

5 vs 5 Forward
Line #Left WingCenterRight WingPHYDFOFWanted %Time %Time Play
1Jaden SchwartzJack HughesJesper Fast1223028%14:40
2Adam LowryBo HorvatMason Appleton1223030%15:33
3Eetu LuostarinenNazem KadriOndrej Kase1223029%14:44
4Zack KassianMichael McLeodConnor Dewar1221013%6:37
5 vs 5 Defense
Line #DefenseDefensePHYDFOFWanted %Time %Time Play
1Dmitry OrlovJeff Petry1223535%17:52
2Ethan BearAxel Sandin-Pellikka1223534%17:39
3Dmitry KulikovNiko Mikkola1223031%16:03
4Dmitry OrlovJeff Petry12200%0:00
Power Play Forward
Line #Left WingCenterRight WingPHYDFOFWanted %Time %Time Play
1Jaden SchwartzJack HughesJesper Fast1225049%1:02
2Adam LowryBo HorvatMason Appleton1225051%1:04
Power Play Defense
Line #DefenseDefensePHYDFOFWanted %Time %Time Play
1Dmitry OrlovAxel Sandin-Pellikka1225054%1:08
2Ethan BearJeff Petry1225046%0:58
Penalty Kill 4 Players Forward
Line #CenterWingPHYDFOFWanted %Time %Time Play
1Nazem KadriEetu Luostarinen1225053%3:09
2Michael McLeodOndrej Kase1225047%2:48
Penalty Kill 4 Players Defense
Line #DefenseDefensePHYDFOFWanted %Time %Time Play
1Ethan BearJeff Petry1225048%2:53
2Dmitry OrlovAxel Sandin-Pellikka1225052%3:04
Penalty Kill 3 Players
Line #WingPHYDFOFWanted %Time %Time PlayDefenseDefensePHYDFOFWanted %Time %Time Play
1Jack Hughes122500%0:00 Dmitry OrlovJeff Petry122500%0:00
2Bo Horvat122500%0:00 Ethan BearAxel Sandin-Pellikka122500%0:00
4 vs 4 Forward
Line #CenterWingPHYDFOFWanted %Time %Time Play
1Jack HughesBo Horvat122500%0:00
2Nazem KadriJaden Schwartz122500%0:00
4 vs 4 Defense
Line #DefensePHYDFOFWanted %Time %Time Play
1Dmitry OrlovJeff Petry122500%0:00
2Ethan BearAxel Sandin-Pellikka122500%0:00
Last Minutes Offensive
Left WingCenterRight WingDefenseDefense
Jaden SchwartzJack HughesJesper FastDmitry OrlovJeff Petry
Last Minutes Defensive
Left WingCenterRight WingDefenseDefense
Jaden SchwartzJack HughesJesper FastDmitry OrlovJeff Petry
Time
Total ForwardTotal DefenseLast Minutes OffensiveLast Minutes Defensive
60:00 60:00 0:230:00
Extra Forwards
Normal PowerPlayPenalty Kill
Eetu Luostarinen, Michael McLeod, Ondrej KaseEetu Luostarinen, Michael McLeodOndrej Kase
Extra Defensemen
Normal PowerPlayPenalty Kill
Dmitry Kulikov, Niko Mikkola, Ethan BearDmitry Kulikov, Niko MikkolaEthan Bear
Penalty Shots
Jack Hughes, Bo Horvat, Nazem Kadri, Jaden Schwartz, Adam Lowry
Goalie
Darcy Kuemper, Philipp Grubauer
Custom OT Lines Forwards
Jack Hughes, Bo Horvat, Nazem Kadri, Jaden Schwartz, Adam Lowry, Eetu Luostarinen, Jesper Fast, Mason Appleton, Michael McLeod, Ondrej Kase
Custom OT Lines Defensemen
Dmitry Orlov, Jeff Petry, Ethan Bear, Axel Sandin-Pellikka, Dmitry Kulikov
Scratches
Marek Alscher (Healthy), Riley Nash (Healthy)


Play-by-Play

1st period


0:01 of 1st period - Jack Hughes wins face-off versus Brayden Point in neutral zone.
0:04 of 1st period - Slapshot by Dmitry Orlov.
0:04 of 1st period - Deflect By Charlie McAvoy.
0:04 of 1st period - Stopped by John Gibson with a rebound.
0:22 of 1st period - Charlie McAvoy is hit by Jaden Schwartz and loses puck.
0:37 of 1st period - Slapshot by Bo Horvat.
0:37 of 1st period - Stopped by John Gibson with a rebound.
0:54 of 1st period - Off-side.
0:55 of 1st period - Nicolas Roy wins face-off versus Nazem Kadri in neutral zone.
1:26 of 1st period - Wrist shot by Philip Tomasino.
1:26 of 1st period - Stopped by Darcy Kuemper without a rebound.
1:27 of 1st period - Samuel Honzek wins face-off versus Bo Horvat in Panthers zone.
1:34 of 1st period - Snap shot by Samuel Honzek.
1:34 of 1st period - Shot Blocked by Dmitry Kulikov.
1:38 of 1st period - Wrist shot by Philip Tomasino.
1:38 of 1st period - Stopped by Darcy Kuemper with a rebound.
1:40 of 1st period - Slapshot by Travis Hamonic.
1:40 of 1st period - Stopped by Darcy Kuemper without a rebound.
1:41 of 1st period - Nazem Kadri wins face-off versus Kevin Hayes in Panthers zone.
2:12 of 1st period - Kevin Hayes is hit by Mason Appleton and loses puck.
3:09 of 1st period - Wrist shot by Luke Evangelista.
3:09 of 1st period - Shot Misses the Net.
4:22 of 1st period - Slapshot by Drake Batherson.
4:22 of 1st period - Deflect By Logan Couture.
4:22 of 1st period - Stopped by Darcy Kuemper with a rebound.
5:08 of 1st period - Snap shot by Luke Evangelista.
5:08 of 1st period - Stopped by Darcy Kuemper with a rebound.
5:10 of 1st period - Wrist shot by Daniel Sprong.
5:10 of 1st period - Stopped by Darcy Kuemper with a rebound.
5:22 of 1st period - Torey Krug is hit by Niko Mikkola and loses puck.
5:53 of 1st period - Backhand shot by Nazem Kadri.
5:53 of 1st period - Stopped by John Gibson without a rebound.
5:54 of 1st period - Nicolas Roy wins face-off versus Jack Hughes in Red Wings zone.
6:09 of 1st period - Wrist shot by Nicolas Roy.
6:09 of 1st period - Shot Blocked by Jeff Petry.
6:28 of 1st period - Torey Krug is hit by Dmitry Orlov and loses puck.
6:41 of 1st period - Ondrej Kase is hit by Torey Krug and loses puck.
7:10 of 1st period - Axel Sandin-Pellikka is hit by Travis Hamonic and loses puck.
9:29 of 1st period - Matt Benning is hit by Jesper Fast and loses puck.
10:22 of 1st period - Slapshot by Axel Sandin-Pellikka.
10:22 of 1st period - Stopped by John Gibson with a rebound.
10:24 of 1st period - Snap shot by Ethan Bear.
10:24 of 1st period - Shot Blocked by Matt Benning.
10:42 of 1st period - Snap shot by Nicolas Roy.
10:42 of 1st period - Stopped by Darcy Kuemper with a rebound.
10:56 of 1st period - Snap shot by Jack Hughes.
10:56 of 1st period - Stopped by John Gibson without a rebound.
10:57 of 1st period - Kevin Hayes wins face-off versus Jack Hughes in Red Wings zone.
11:26 of 1st period - Slapshot by Charlie McAvoy.
11:26 of 1st period - Shot Blocked by Ethan Bear.
11:28 of 1st period - Slapshot by Daniel Sprong.
11:28 of 1st period - Shot Misses the Net.
11:30 of 1st period - Slapshot by Charlie McAvoy.
11:30 of 1st period - Stopped by Darcy Kuemper without a rebound.
11:31 of 1st period - Jack Hughes wins face-off versus Nicolas Roy in Panthers zone.
11:31 of 1st period - Jack Hughes is hit by Nicolas Roy.
12:48 of 1st period - Snap shot by Michael McLeod.
12:48 of 1st period - Shot Misses the Net.
12:54 of 1st period - Michael McLeod is hit by Philip Tomasino and loses puck.
13:05 of 1st period - Snap shot by Jaden Schwartz.
13:05 of 1st period - Shot Misses the Net.
13:07 of 1st period - Wrist shot by Jack Hughes.
13:07 of 1st period - Stopped by John Gibson with a rebound.
13:09 of 1st period - Snap shot by Jaden Schwartz.
13:09 of 1st period - Stopped by John Gibson with a rebound.
13:11 of 1st period - Slapshot by Jack Hughes.
13:11 of 1st period - Stopped by John Gibson with a rebound.
13:54 of 1st period - Mason Appleton is hit by Ryan Johansen and loses puck.
15:02 of 1st period - Slapshot by Bo Horvat.
15:02 of 1st period - Shot Misses the Net.
15:14 of 1st period - Wrist shot by Ilya Mikheyev.
15:14 of 1st period - Stopped by Darcy Kuemper without a rebound.
15:15 of 1st period - Jack Hughes wins face-off versus Luke Evangelista in Panthers zone.
15:30 of 1st period - Mario Ferraro is hit by Jaden Schwartz and loses puck.
16:05 of 1st period - Snap shot by Luke Evangelista.
16:05 of 1st period - Stopped by Darcy Kuemper without a rebound.
16:06 of 1st period - Ryan Johansen wins face-off versus Bo Horvat in Panthers zone.
16:17 of 1st period - Kevin Hayes is hit by Adam Lowry and loses puck.
17:16 of 1st period - Zack Kassian is hit by Kevin Hayes and loses puck.
17:59 of 1st period - Icing by Daniel Sprong.
18:00 of 1st period - Philip Tomasino wins face-off versus Nazem Kadri in Red Wings zone.
18:00 of 1st period - Philip Tomasino is hit by Ondrej Kase.
18:09 of 1st period - Slapshot by Matt Benning.
18:09 of 1st period - Shot Misses the Net.
18:15 of 1st period - Wrist shot by Jordan Greenway.
18:15 of 1st period - Shot Misses the Net.
18:31 of 1st period - Wrist shot by Ilya Mikheyev.
18:31 of 1st period - Stopped by Darcy Kuemper without a rebound.
18:32 of 1st period - Bo Horvat wins face-off versus Brayden Point in Panthers zone.
18:51 of 1st period - Bo Horvat is hit by Drake Batherson and loses puck.
19:10 of 1st period - Wrist shot by Luke Evangelista.
19:10 of 1st period - Shot Misses the Net.
19:50 of 1st period - Wrist shot by Eetu Luostarinen.
19:50 of 1st period - Stopped by John Gibson without a rebound.
19:51 of 1st period - Brayden Point wins face-off versus Nazem Kadri in Red Wings zone.
Goals for this period are 0 for Red Wings vs 0 for Panthers.
Shots for this period are 11 for Red Wings vs 9 for Panthers.

2nd period


0:01 of 2nd period - Jack Hughes wins face-off versus Brayden Point in neutral zone.
0:01 of 2nd period - Jesper Fast is hit by Logan Couture and loses puck.
0:47 of 2nd period - Adam Lowry is hit by Nicolas Roy.
0:53 of 2nd period - Niko Mikkola is hit by Daniel Sprong and loses puck.
1:06 of 2nd period - Snap shot by Luke Evangelista.
1:06 of 2nd period - Stopped by Darcy Kuemper without a rebound.
1:07 of 2nd period - Michael McLeod wins face-off versus Samuel Honzek in Panthers zone.
1:07 of 2nd period - Michael McLeod is hit by Mario Ferraro.
1:23 of 2nd period - Artem Zub is hit by Zack Kassian.
2:08 of 2nd period - Minor Penalty to Dmitry Orlov for Hooking.
2:09 of 2nd period - Brayden Point wins face-off versus Nazem Kadri in Panthers zone.
2:34 of 2nd period - Backhand shot by Kevin Hayes.
2:34 of 2nd period - Shot Misses the Net.
2:44 of 2nd period - Snap shot by Ryan Johansen.
2:44 of 2nd period - Stopped by Darcy Kuemper without a rebound.
2:45 of 2nd period - Brayden Point wins face-off versus Nazem Kadri in Panthers zone.
2:49 of 2nd period - Slapshot by Torey Krug.
2:49 of 2nd period - Shot Blocked by Nazem Kadri.
2:51 of 2nd period - Wrist shot by Logan Couture.
2:51 of 2nd period - Shot Misses the Net.
3:01 of 2nd period - Snap shot by Brayden Point.
3:01 of 2nd period - Stopped by Darcy Kuemper without a rebound.
3:02 of 2nd period - Michael McLeod wins face-off versus Kevin Hayes in Panthers zone.
3:02 of 2nd period - Michael McLeod is hit by Ilya Mikheyev.
3:39 of 2nd period - Snap shot by Eetu Luostarinen.
3:39 of 2nd period - Stopped by John Gibson with a rebound.
3:57 of 2nd period - Logan Couture is hit by Niko Mikkola and loses puck.
4:08 of 2nd period - Penalty to Dmitry Orlov is over, Dmitry Orlov is back on ice.
4:29 of 2nd period - Snap shot by Samuel Honzek.
4:29 of 2nd period - Stopped by Darcy Kuemper with a rebound.
5:01 of 2nd period - Slapshot by Daniel Sprong.
5:01 of 2nd period - Shot Misses the Net.
5:55 of 2nd period - Icing by Samuel Honzek.
5:56 of 2nd period - Nazem Kadri wins face-off versus Samuel Honzek in Red Wings zone.
5:59 of 2nd period - Snap shot by Eetu Luostarinen.
5:59 of 2nd period - Shot Misses the Net.
6:02 of 2nd period - Icing by Mario Ferraro.
6:03 of 2nd period - Nazem Kadri wins face-off versus Samuel Honzek in Red Wings zone.
6:18 of 2nd period - Slapshot by Samuel Honzek.
6:18 of 2nd period - Shot Misses the Net.
6:20 of 2nd period - Slapshot by Artem Zub.
6:20 of 2nd period - Deflect By Samuel Honzek.
6:20 of 2nd period - Shot Misses the Net.
6:20 of 2nd period - Puck is out of play.
6:21 of 2nd period - Brayden Point wins face-off versus Bo Horvat in Panthers zone.
6:26 of 2nd period - Snap shot by Brayden Point.
6:26 of 2nd period - Stopped by Darcy Kuemper without a rebound.
6:27 of 2nd period - Bo Horvat wins face-off versus Brayden Point in Panthers zone.
6:27 of 2nd period - Bo Horvat is hit by Drake Batherson.
7:16 of 2nd period - Slapshot by Kevin Hayes.
7:16 of 2nd period - Shot Misses the Net.
7:18 of 2nd period - Slapshot by Ryan Johansen.
7:18 of 2nd period - Stopped by Darcy Kuemper without a rebound.
7:19 of 2nd period - Brayden Point wins face-off versus Nazem Kadri in Panthers zone.
7:22 of 2nd period - Wrist shot by Logan Couture.
7:22 of 2nd period - Shot Misses the Net.
7:28 of 2nd period - Snap shot by Nazem Kadri.
7:28 of 2nd period - Shot Misses the Net.
7:34 of 2nd period - Snap shot by Eetu Luostarinen.
7:34 of 2nd period - Stopped by John Gibson with a rebound.
7:36 of 2nd period - Slapshot by Dmitry Kulikov.
7:36 of 2nd period - Stopped by John Gibson with a rebound.
7:38 of 2nd period - Slapshot by Niko Mikkola.
7:38 of 2nd period - Shot Misses the Net.
7:42 of 2nd period - Slapshot by Nazem Kadri.
7:42 of 2nd period - Shot Misses the Net.
7:44 of 2nd period - Wrist shot by Ondrej Kase.
7:44 of 2nd period - Shot Blocked by Logan Couture.
7:46 of 2nd period - Snap shot by Nazem Kadri.
7:46 of 2nd period - Stopped by John Gibson without a rebound.
7:47 of 2nd period - Nicolas Roy wins face-off versus Bo Horvat in Red Wings zone.
7:52 of 2nd period - Bo Horvat is hit by Matt Benning and loses puck.
8:12 of 2nd period - Jaden Schwartz is hit by Matt Benning and loses puck.
8:25 of 2nd period - Wrist shot by Ilya Mikheyev.
8:25 of 2nd period - Shot Misses the Net.
9:56 of 2nd period - Slapshot by Artem Zub.
9:56 of 2nd period - Shot Misses the Net.
9:58 of 2nd period - Slapshot by Logan Couture.
9:58 of 2nd period - Stopped by Darcy Kuemper with a rebound.
10:00 of 2nd period - Slapshot by Brayden Point.
10:00 of 2nd period - Stopped by Darcy Kuemper without a rebound.
10:01 of 2nd period - Nicolas Roy wins face-off versus Bo Horvat in Panthers zone.
10:02 of 2nd period - Slapshot by Daniel Sprong.
10:02 of 2nd period - Shot Misses the Net.
10:12 of 2nd period - Snap shot by Bo Horvat.
10:12 of 2nd period - Stopped by John Gibson with a rebound.
10:14 of 2nd period - Slapshot by Ethan Bear.
10:14 of 2nd period - Stopped by John Gibson without a rebound.
10:15 of 2nd period - Jack Hughes wins face-off versus Kevin Hayes in Red Wings zone.
10:18 of 2nd period - Slapshot by Jack Hughes.
10:18 of 2nd period - Stopped by John Gibson with a rebound.
10:26 of 2nd period - Slapshot by Ryan Johansen.
10:26 of 2nd period - Goal by Ryan Johansen - Red Wings : 1 - Panthers : 0.
10:27 of 2nd period - Bo Horvat wins face-off versus Nicolas Roy in neutral zone.
10:52 of 2nd period - Slapshot by Ryan Johansen.
10:52 of 2nd period - Stopped by Darcy Kuemper without a rebound.
10:53 of 2nd period - Kevin Hayes wins face-off versus Jack Hughes in Panthers zone.
10:54 of 2nd period - Snap shot by Ilya Mikheyev.
10:54 of 2nd period - Stopped by Darcy Kuemper without a rebound.
10:55 of 2nd period - Kevin Hayes wins face-off versus Jack Hughes in Panthers zone.
11:20 of 2nd period - Artem Zub is hit by Eetu Luostarinen and loses puck.
11:39 of 2nd period - Snap shot by Bo Horvat.
11:39 of 2nd period - Shot Misses the Net.
11:43 of 2nd period - Snap shot by Bo Horvat.
11:43 of 2nd period - Stopped by John Gibson without a rebound.
11:44 of 2nd period - Bo Horvat wins face-off versus Nicolas Roy in Red Wings zone.
11:45 of 2nd period - Snap shot by Mason Appleton.
11:45 of 2nd period - Shot Misses the Net.
12:09 of 2nd period - Jack Hughes is hit by Brayden Point and loses puck.
12:36 of 2nd period - Wrist shot by Ilya Mikheyev.
12:36 of 2nd period - Shot Blocked by Dmitry Orlov.
12:38 of 2nd period - Slapshot by Torey Krug.
12:38 of 2nd period - Stopped by Darcy Kuemper without a rebound.
12:39 of 2nd period - Bo Horvat wins face-off versus Kevin Hayes in Panthers zone.
13:08 of 2nd period - Icing by Jesper Fast.
13:09 of 2nd period - Jack Hughes wins face-off versus Nicolas Roy in Panthers zone.
13:14 of 2nd period - Slapshot by Jaden Schwartz.
13:14 of 2nd period - Shot Blocked by Artem Zub.
13:44 of 2nd period - Snap shot by Brayden Point.
13:44 of 2nd period - Shot Misses the Net.
13:56 of 2nd period - Wrist shot by Philip Tomasino.
13:56 of 2nd period - Shot Blocked by Niko Mikkola.
13:58 of 2nd period - Slapshot by Matt Benning.
13:58 of 2nd period - Stopped by Darcy Kuemper without a rebound.
13:59 of 2nd period - Bo Horvat wins face-off versus Samuel Honzek in Panthers zone.
14:26 of 2nd period - Travis Hamonic is hit by Nazem Kadri and loses puck.
14:33 of 2nd period - Snap shot by Nazem Kadri.
14:33 of 2nd period - Shot Misses the Net.
14:35 of 2nd period - Minor Penalty to Matt Benning for Holding.
14:36 of 2nd period - Nicolas Roy wins face-off versus Jack Hughes in Red Wings zone.
15:07 of 2nd period - Samuel Honzek is hit by Mason Appleton and loses puck.
15:12 of 2nd period - Wrist shot by Bo Horvat.
15:12 of 2nd period - Shot Hit the Post.
16:35 of 2nd period - Penalty to Matt Benning is over, Matt Benning is back on ice.
17:03 of 2nd period - Slapshot by Dmitry Orlov.
17:03 of 2nd period - Stopped by John Gibson with a rebound.
18:01 of 2nd period - Ethan Bear is hit by Philip Tomasino and loses puck.
18:06 of 2nd period - Slapshot by Samuel Honzek.
18:06 of 2nd period - Stopped by Darcy Kuemper with a rebound.
18:08 of 2nd period - Slapshot by Torey Krug.
18:08 of 2nd period - Shot Blocked by Ethan Bear.
18:20 of 2nd period - Connor Dewar is hit by Logan Couture and loses puck.
18:37 of 2nd period - Snap shot by Bo Horvat.
18:37 of 2nd period - Shot Blocked by Torey Krug.
19:00 of 2nd period - Minor Penalty to Luke Evangelista for Goalie Interference.
19:01 of 2nd period - Adam Lowry wins face-off versus Nicolas Roy in Red Wings zone.
19:03 of 2nd period - Snap shot by Adam Lowry.
19:03 of 2nd period - Stopped by John Gibson with a rebound.
19:05 of 2nd period - Slapshot by Mason Appleton.
19:05 of 2nd period - Shot Blocked by Mario Ferraro.
19:07 of 2nd period - Snap shot by Jeff Petry.
19:07 of 2nd period - Goal by Jeff Petry - Red Wings : 1 - Panthers : 1.
19:08 of 2nd period - Nicolas Roy wins face-off versus Jack Hughes in neutral zone.
19:21 of 2nd period - Wrist shot by Luke Evangelista.
19:21 of 2nd period - Stopped by Darcy Kuemper without a rebound.
19:22 of 2nd period - Nazem Kadri wins face-off versus Brayden Point in Panthers zone.
19:22 of 2nd period - Nazem Kadri is hit by Drake Batherson.
Goals for this period are 1 for Red Wings vs 1 for Panthers.
Shots for this period are 15 for Red Wings vs 11 for Panthers.

3rd period


0:01 of 3rd period - Jack Hughes wins face-off versus Ilya Mikheyev in neutral zone.
0:06 of 3rd period - Slapshot by Jack Hughes.
0:06 of 3rd period - Deflect By Jaden Schwartz.
0:06 of 3rd period - Stopped by John Gibson with a rebound.
0:26 of 3rd period - Nicolas Roy is hit by Eetu Luostarinen and loses puck.
1:16 of 3rd period - Snap shot by Michael McLeod.
1:16 of 3rd period - Stopped by John Gibson without a rebound.
1:17 of 3rd period - Nicolas Roy wins face-off versus Jack Hughes in Red Wings zone.
1:56 of 3rd period - Snap shot by Bo Horvat.
1:56 of 3rd period - Deflect By Nicolas Roy.
1:56 of 3rd period - Stopped by John Gibson with a rebound.
1:58 of 3rd period - Slapshot by Mason Appleton.
1:58 of 3rd period - Stopped by John Gibson with a rebound.
2:22 of 3rd period - Snap shot by Eetu Luostarinen.
2:22 of 3rd period - Stopped by John Gibson with a rebound.
2:34 of 3rd period - Slapshot by Jeff Petry.
2:34 of 3rd period - Shot Misses the Net.
2:44 of 3rd period - Wrist shot by Daniel Sprong.
2:44 of 3rd period - Stopped by Darcy Kuemper without a rebound.
2:45 of 3rd period - Jack Hughes wins face-off versus Kevin Hayes in Panthers zone.
3:10 of 3rd period - Matt Benning is hit by Nazem Kadri.
3:40 of 3rd period - Snap shot by Philip Tomasino.
3:40 of 3rd period - Stopped by Darcy Kuemper with a rebound.
3:42 of 3rd period - Wrist shot by Jordan Greenway.
3:42 of 3rd period - Shot Blocked by Bo Horvat.
4:33 of 3rd period - Jordan Greenway is hit by Ondrej Kase and loses puck.
4:58 of 3rd period - Icing by Dmitry Kulikov.
4:59 of 3rd period - Kevin Hayes wins face-off versus Bo Horvat in Panthers zone.
5:00 of 3rd period - Backhand shot by Charlie McAvoy.
5:00 of 3rd period - Shot Blocked by Adam Lowry.
5:05 of 3rd period - Off-side.
5:06 of 3rd period - Kevin Hayes wins face-off versus Jack Hughes in neutral zone.
5:06 of 3rd period - Kevin Hayes is hit by Jack Hughes.
5:31 of 3rd period - Charlie McAvoy is hit by Ondrej Kase and loses puck.
5:44 of 3rd period - Logan Couture is hit by Nazem Kadri and loses puck.
5:59 of 3rd period - Wrist shot by Nicolas Roy.
5:59 of 3rd period - Stopped by Darcy Kuemper with a rebound.
6:01 of 3rd period - Wrist shot by Luke Evangelista.
6:01 of 3rd period - Deflect By Nicolas Roy.
6:01 of 3rd period - Stopped by Darcy Kuemper with a rebound.
6:27 of 3rd period - Slapshot by Dmitry Orlov.
6:27 of 3rd period - Stopped by John Gibson without a rebound.
6:28 of 3rd period - Jack Hughes wins face-off versus Brayden Point in Red Wings zone.
7:03 of 3rd period - Axel Sandin-Pellikka is hit by Kevin Hayes.
7:45 of 3rd period - Snap shot by Michael McLeod.
7:45 of 3rd period - Stopped by John Gibson with a rebound.
7:47 of 3rd period - Slapshot by Dmitry Kulikov.
7:47 of 3rd period - Stopped by John Gibson with a rebound.
8:05 of 3rd period - Samuel Honzek is hit by Jaden Schwartz and loses puck.
8:23 of 3rd period - Snap shot by Mason Appleton.
8:23 of 3rd period - Stopped by John Gibson without a rebound.
8:24 of 3rd period - Nazem Kadri wins face-off versus Kevin Hayes in Red Wings zone.
8:25 of 3rd period - Slapshot by Eetu Luostarinen.
8:25 of 3rd period - Shot Misses the Net.
8:27 of 3rd period - Slapshot by Axel Sandin-Pellikka.
8:27 of 3rd period - Stopped by John Gibson without a rebound.
8:28 of 3rd period - Kevin Hayes wins face-off versus Nazem Kadri in Red Wings zone.
8:28 of 3rd period - Ryan Johansen is hit by Ondrej Kase.
8:41 of 3rd period - Slapshot by Axel Sandin-Pellikka.
8:41 of 3rd period - Stopped by John Gibson without a rebound.
8:42 of 3rd period - Jack Hughes wins face-off versus Logan Couture in Red Wings zone.
9:34 of 3rd period - Ilya Mikheyev is hit by Bo Horvat and loses puck.
9:50 of 3rd period - Samuel Honzek is hit by Connor Dewar and loses puck.
10:01 of 3rd period - Minor Penalty to Zack Kassian for Delaying the game.
10:02 of 3rd period - Nazem Kadri wins face-off versus Kevin Hayes in Panthers zone.
10:14 of 3rd period - Off-side.
10:15 of 3rd period - Kevin Hayes wins face-off versus Michael McLeod in neutral zone.
10:26 of 3rd period - Wrist shot by Ryan Johansen.
10:26 of 3rd period - Shot Hit the Post.
12:01 of 3rd period - Penalty to Zack Kassian is over, Zack Kassian is back on ice.
12:13 of 3rd period - Michael McLeod is hit by Artem Zub and loses puck.
13:23 of 3rd period - Wrist shot by Jack Hughes.
13:23 of 3rd period - Stopped by John Gibson without a rebound.
13:24 of 3rd period - Kevin Hayes wins face-off versus Jack Hughes in Red Wings zone.
13:41 of 3rd period - Nicolas Roy is hit by Ondrej Kase and loses puck.
14:05 of 3rd period - Icing by Torey Krug.
14:06 of 3rd period - Jack Hughes wins face-off versus Samuel Honzek in Red Wings zone.
14:57 of 3rd period - Snap shot by Drake Batherson.
14:57 of 3rd period - Stopped by Darcy Kuemper without a rebound.
14:58 of 3rd period - Nazem Kadri wins face-off versus Brayden Point in Panthers zone.
15:09 of 3rd period - Slapshot by Brayden Point.
15:09 of 3rd period - Stopped by Darcy Kuemper without a rebound.
15:10 of 3rd period - Nicolas Roy wins face-off versus Nazem Kadri in Panthers zone.
15:15 of 3rd period - Snap shot by Nicolas Roy.
15:15 of 3rd period - Stopped by Darcy Kuemper without a rebound.
15:16 of 3rd period - Nazem Kadri wins face-off versus Nicolas Roy in Panthers zone.
15:22 of 3rd period - Matt Benning is hit by Ondrej Kase and loses puck.
16:11 of 3rd period - Snap shot by Bo Horvat.
16:11 of 3rd period - Stopped by John Gibson without a rebound.
16:12 of 3rd period - Nicolas Roy wins face-off versus Nazem Kadri in Red Wings zone.
16:14 of 3rd period - Penalty Shot by Charlie McAvoy for Red Wings.
16:14 of 3rd period - Backhand shot by Charlie McAvoy.
16:14 of 3rd period - Goal by Charlie McAvoy - Red Wings : 2 - Panthers : 1.
16:15 of 3rd period - Nicolas Roy wins face-off versus Eetu Luostarinen in neutral zone.
16:16 of 3rd period - Nicolas Roy wins face-off versus Nazem Kadri in Red Wings zone.
16:16 of 3rd period - Nicolas Roy is hit by Nazem Kadri.
16:28 of 3rd period - Snap shot by Luke Evangelista.
16:28 of 3rd period - Deflect By Nicolas Roy.
16:28 of 3rd period - Stopped by Darcy Kuemper with a rebound.
17:04 of 3rd period - Off-side.
17:05 of 3rd period - Bo Horvat wins face-off versus Ilya Mikheyev in neutral zone.
17:17 of 3rd period - Off-side.
17:18 of 3rd period - Nazem Kadri wins face-off versus Nicolas Roy in neutral zone.
17:18 of 3rd period - Eetu Luostarinen beats up Charlie McAvoy.
17:18 of 3rd period - Penalty to Eetu Luostarinen for Fighting.
17:18 of 3rd period - Penalty to Charlie McAvoy for Fighting.
17:18 of 3rd period - Penalty to Eetu Luostarinen for instigated a fight.
17:18 of 3rd period - Penalty to Eetu Luostarinen for instigated a fight.
17:19 of 3rd period - Nazem Kadri wins face-off versus Drake Batherson in neutral zone.
19:18 of 3rd period - Penalty to Eetu Luostarinen is over, Connor Dewar is send on ice.
19:32 of 3rd period - Snap shot by Nicolas Roy.
19:32 of 3rd period - Stopped by Darcy Kuemper with a rebound.
19:34 of 3rd period - Slapshot by Artem Zub.
19:34 of 3rd period - Shot Misses the Net.
19:36 of 3rd period - Slapshot by Artem Zub.
19:36 of 3rd period - Deflect By Luke Evangelista.
19:36 of 3rd period - Shot Hit the Post.
19:36 of 3rd period - Puck is out of play.
19:37 of 3rd period - call a timeout for Panthers.
19:37 of 3rd period - Nicolas Roy wins face-off versus Jack Hughes in Panthers zone.
19:44 of 3rd period - Slapshot by Luke Evangelista.
19:44 of 3rd period - Shot Misses the Net.
19:46 of 3rd period - Slapshot by Luke Evangelista.
19:46 of 3rd period - Deflect By Nicolas Roy.
19:46 of 3rd period - Shot Hit the Post.
19:46 of 3rd period - Puck is out of play.
19:47 of 3rd period - Jack Hughes wins face-off versus Nicolas Roy in Panthers zone.
Goals for this period are 1 for Red Wings vs 0 for Panthers.
Shots for this period are 9 for Red Wings vs 13 for Panthers.